 Dungeon Crawl Stone Soup version 0.28.0-53-g5a82cb258f (webtiles) character file.

Game seed: 1522358372660612990

617 Kaptain the Magician (level 7, -1/39 HPs)
             Began as a Deep Elf Earth Elementalist on July 14, 2022.
             Slain by an ice beast (5 damage)
             ... on level 5 of the Dungeon.
             The game lasted 00:06:49 (4208 turns).

Kaptain the Magician (Deep Elf Earth Elementalist)  Turns: 4208, Time: 00:06:50

Health: -1/39      AC:  3    Str:  7    XL:     7   Next: 21%
Magic:  1/17       EV: 13    Int: 20    God:
Gold:   71         SH:  0    Dex: 15    Spells: 10/16 levels left

rFire   . . .      SeeInvis .   d - +0 short sword
rCold   . . .      Faith    .   (no shield)
rNeg    . . .      Spirit   .   b - +0 robe
rPois   .          Reflect  .   (no helmet)
rElec   .          Harm     .   m - +0 cloak
rCorr   .          Rampage  .   (no gloves)
Will    .....                   (no boots)
Stlth   +++.......              (no amulet)
HPRegen 0.13/turn               (no ring)
MPRegen 0.15/turn               (no ring)

@: very slightly contaminated
A: no striking features
a: no special abilities


You were on level 5 of the Dungeon.
You visited 1 branch of the dungeon, and saw 5 of its levels.

You collected 71 gold pieces.

Inventory:

Hand Weapons
 d - a +0 short sword (weapon)
 o - a +0 trident
 r - a +0 morningstar
 s - a +5 dire flail of draining
 u - a +0 hand crossbow
Missiles
 c - 19 stones
Armour
 b - a +0 robe (worn)
 f - a +0 leather armour
 m - a +0 cloak (worn)
Wands
 h - a wand of acid (14)
 l - a wand of digging (1)
 w - a wand of paralysis (8)
Scrolls
 e - a scroll of fear
 k - 2 scrolls of summoning {unknown}
 p - a scroll of amnesia {unknown}
 q - a scroll of torment {unknown}
 t - a scroll of fog {unknown}
Potions
 a - 5 potions of curing
 g - a potion of berserk rage
 i - a potion of might {unknown}
 j - a potion of haste {unknown}
 n - a potion of mutation {unknown}
 v - 2 potions of heal wounds {unknown}


   Skills:
 + Level 1.6 Fighting
 + Level 1.7 Armour
 + Level 3.6 Dodging
 - Level 4.0 Stealth
 * Level 5.4 Spellcasting
 * Level 3.6 Conjurations
 - Level 1.1 Transmutations
 * Level 4.9 Earth Magic


You had 10 spell levels left.
You knew the following spells:

 Your Spells              Type           Power      Damage    Failure   Level
a - Sandblast             Erth           50%        2d12      1%          1
b - Stone Arrow           Conj/Erth      44%        3d9       5%          3
c - Blink                 Tloc           10%        N/A       17%         2

Your spell library contained the following spells:

 Spells                   Type           Power      Damage    Failure   Level
 Passwall                 Tmut/Erth      14%        N/A       4%          2
 Foxfire                  Conj/Fire      48%        2x1d6     5%          1
 Animate Skeleton         Necr           10%        N/A       11%         1
 Freeze                   Ice            20%        1d4       11%         1
 Pain                     Necr           20%        1d5       11%         1
 Conjure Flame            Conj/Fire      12%        6-21      16%         3
 Petrify                  Tmut/Erth      17%        N/A       30%         4
 Frozen Ramparts          Ice            10%        1d3       32%         3
 Inner Flame              Hex/Fire       5%         N/A       32%         3
 Vampiric Draining        Necr           5%         2d6       32%         3
 Flame Wave               Conj/Fire      12%        2d6       45%         4
 Hailstorm                Conj/Ice       12%        3d5       45%         4
 Manifold Assault         Tloc           5%         N/A       97%         5
 Storm Form               Tmut/Air       3%         N/A       100%        7


Dungeon Overview and Level Annotations

Branches:
Dungeon (5/15)
 Temple: D:4-7

Altars:


Message History

You see here a book of Burglary.
Casting: Stone Arrow (dangerous; 5% risk of failure)
Confirm with . or Enter, or press ? or * to list all spells.
Aiming: Stone Arrow (dangerous; 5% risk of failure)
Press: ? - help, Shift-Dir - straight line, f - ice beast
Aim: an ice beast (wandering, hasn't noticed you, 71% to hit)
You miscast Stone Arrow.
You are very lightly contaminated with residual magic.
Nothing appears to happen.
The ice beast hits you. The ice beast freezes you!
Unknown command.
Casting: Stone Arrow (dangerous; 5% risk of failure)
Confirm with . or Enter, or press ? or * to list all spells.
Aiming: Stone Arrow (dangerous; 5% risk of failure)
Press: ? - help, Shift-Dir - straight line, f/p - ice beast
Aim: an ice beast (71% to hit)
The stone arrow hits the ice beast!!
The ice beast is severely wounded.
The ice beast hits you. The ice beast freezes you!
Unknown command.
Unknown command.
Casting: Stone Arrow (dangerous; 5% risk of failure)
Confirm with . or Enter, or press ? or * to list all spells.
Aiming: Stone Arrow (dangerous; 5% risk of failure)
Press: ? - help, Shift-Dir - straight line, f/p - ice beast
Aim: an ice beast (severely wounded, 71% to hit)
The stone arrow misses the ice beast.
The ice beast hits you. The ice beast freezes you!
* * * LOW HITPOINT WARNING * * *
Unknown command.
Casting: Stone Arrow (dangerous; 5% risk of failure)
Confirm with . or Enter, or press ? or * to list all spells.
Aiming: Stone Arrow (dangerous; 5% risk of failure)
Press: ? - help, Shift-Dir - straight line, f/p - ice beast
Aim: an ice beast (severely wounded, 71% to hit)
The stone arrow hits the ice beast.
The ice beast is almost dead.
The ice beast hits you.
* * * LOW HITPOINT WARNING * * *
The ice beast freezes you.
You die...

...............#.......
.......................
.....##..#.............#
.......#.###...........#
.........##.............
.........#..............
...........####.#.......
##.........# #.##......
#.........## #.@Y......
..###...................
## #........##..........
#...###..##..........
#...# ............##
[... ...........!..
.............
###...........


You could see an ice beast.

Vanquished Creatures
  Sigmund (D:2)
  Edmund (D:4)
  An ogre (D:5)
  A howler monkey (D:5)
  Crazy Yiuf (D:3)
  A hound (D:5)
  A bullfrog skeleton (D:4)
  5 adders
  2 worms
  4 dart slugs
  4 orcs (D:3)
  5 bats
  7 endoplasms
  A giant cockroach (D:3)
  8 goblins
  10 hobgoblins
  7 jackals
  6 kobolds
  2 quokkas
  9 ball pythons
  3 frilled lizards
  3 rats
83 creatures vanquished.

Notes
Turn   | Place    | Note
-------+----------+-------------------------------------------
     0 | D:1      | Kaptain the Deep Elf Earth Elementalist began the quest for
                  | the Orb.
     0 | D:1      | Reached XP level 1. HP: 10/10 MP: 6/6
    90 | D:1      | Reached XP level 2. HP: 15/15 MP: 6/8
   115 | D:1      | Found a faded altar of an unknown god.
   435 | D:1      | Reached skill level 1 in Conjurations
   802 | D:2      | Reached XP level 3. HP: 19/19 MP: 7/9
   995 | D:2      | Learned a level 3 spell: Stone Arrow
  1232 | D:2      | Noticed Sigmund
  1241 | D:2      | Killed Sigmund
  1242 | D:2      | Reached skill level 1 in Fighting
  1242 | D:2      | Reached skill level 1 in Armour
  1242 | D:2      | Reached skill level 4 in Spellcasting
  1242 | D:2      | Reached XP level 4. HP: 25/25 MP: 1/12
  1242 | D:2      | Reached XP level 5. HP: 29/29 MP: 1/13
  1750 | D:3      | Learned a level 2 spell: Blink
  2281 | D:3      | Reached XP level 6. HP: 34/34 MP: 10/14
  2834 | D:3      | Found a runed translucent door.
  2835 | D:3      | Noticed Crazy Yiuf
  2841 | D:3      | Killed Crazy Yiuf
  3494 | D:4      | Noticed Edmund
  3516 | D:4      | Killed Edmund
  3517 | D:4      | Reached skill level 5 in Spellcasting
  4019 | D:5      | Entered Level 5 of the Dungeon
  4072 | D:5      | Reached XP level 7. HP: 38/38 MP: 9/17
  4208 | D:5      | Slain by an ice beast

Illustrated notes

Levels and vault maps discovered:
D:1:      tarquinn_simple_flora_water_a, layout_basic,
          nicolae_ecumenical_snake_handling, grunt_decor_fettered,
          grunt_decor_resistance
D:2:      layout_loops_ring, uniq_sigmund
D:3:      layout_loops_ring, uniq_crazy_yiuf_cottage
D:4:      layout_basic, uniq_edmund
D:5:      layout_cave_pools, overflow_temple_1_default

Skill      XL: |  1  2  3  4  5  6  7 |
---------------+----------------------+-----
Conjurations   | 1 2 3 |  3.6
Fighting       | 1 |  1.6
Armour         | 1 |  1.7
Dodging        | 3 |  3.6
Stealth        | 3 4 |  4.0
Spellcasting   | 4 5 |  5.4
Earth Magic    | 4 |  4.9
Transmutations | |  1.1

Action                   |  1- 3 |  4- 6 |  7- 9 || total
-------------------------+-------+-------+-------++-------
Melee: Short sword       |     5 |     2 |       ||     7
 Cast: Sandblast         |    44 |    30 |       ||    74
       Stone Arrow       |     4 |    44 |     6 ||    54
  Use: Scroll            |       |     3 |       ||     3
 Stab: Sleeping          |     1 |     1 |       ||     2
Armor: Robe              |     1 |     5 |       ||     6
Dodge: Dodged            |    16 |    22 |       ||    38
